 Dungeon Crawl Stone Soup version 0.29.1-15-g9cfb28693d (webtiles) character file.

Game seed: 7739102608869125564

62 javelincjr the Trooper (level 3, -4/29 HPs)
             Began as a Demonspawn Abyssal Knight on Mar 23, 2023.
             Was a Believer of Lugonu.
             Killed from afar by an orc wizard (6 damage)
             ... with a magic dart
             ... on level 2 of the Dungeon.
             The game lasted 00:02:43 (1372 turns).

javelincjr the Trooper (Demonspawn Abyssal Knight)  Turns: 1372, Time: 00:02:44

Health: -4/29      AC:  9    Str: 13    XL:     3   Next: 85%
Magic:  5/5        EV:  9    Int: 13    God:    Lugonu [**....]
Gold:   45         SH:  0    Dex: 13    Spells: 2/2 levels left

rFire   . . .      SeeInvis .   a - +1 hand axe
rCold   . . .      Faith    .   (no shield)
rNeg    . . .      Spirit   .   h - +0 scale mail
rPois   .          Reflect  .   (no helmet)
rElec   .          Harm     .   (no cloak)
rCorr   .          Rampage  .   e - +1 pair of gloves
Will    .....                   (no boots)
Stlth   ..........              (no amulet)
HPRegen 0.09/turn               (no ring)
MPRegen 0.09/turn               (no ring)

@: no status effects
A: rugged brown scales 1, demonic magic 1
a: Renounce Religion, Depart the Abyss, Bend Space


You were on level 2 of the Dungeon.
You worshipped Lugonu.
Lugonu was pleased with you.
You visited 1 branch of the dungeon, and saw 2 of its levels.
You visited the Abyss 1 time.

You collected 45 gold pieces.

Inventory:

Hand Weapons
 a - a +1 hand axe (weapon)
Armour
 b - a +0 leather armour
 e - a +1 pair of gloves (worn)
 h - a +0 scale mail (worn)
Scrolls
 c - 3 scrolls of identify {unknown}
 g - a scroll of noise {unknown}
Potions
 d - a potion of haste {unknown}
 f - a potion of might {unknown}
 i - a potion of heal wounds


   Skills:
 + Level 3.4 Fighting
 + Level 2.3 Axes
 + Level 2.3 Armour
 + Level 1.6 Dodging
 + Level 3.2 Invocations


You had 2 spell levels left.
You didn't know any spells.
Your spell library was empty.

Dungeon Overview and Level Annotations

Branches:
Dungeon (2/15)

Altars:


Innate Abilities, Weirdness & Mutations

You are partially covered in rugged brown scales. (AC +1, +3% HP)
Spells you cast may paralyse adjacent enemies.


Message History

You barely miss the orc wizard.
The orc wizard is heavily wounded.
You miss the kobold. You barely miss the orc. The kobold barely misses you.
The orc closely misses you.
The orc wizard hits you but does no damage.
The orc hits you but does no damage.
The orc wizard hits you but does no damage.
The kobold throws a stone.
The stone hits you.
* * * LOW HITPOINT WARNING * * *
You hit the orc wizard.
The orc wizard is severely wounded.
You hit the orc. The orc hits you but does no damage.
The orc wizard closely misses you.
The kobold throws a stone.
The stone hits you but does no damage. The orc hits you but does no damage.
The orc wizard closely misses you. The kobold closely misses you.
You barely miss the orc wizard.
The orc wizard is severely wounded.
You barely miss the kobold. You hit the orc but do no damage.
You feel less confused. The orc hits you but does no damage.
The orc wizard hits you with a +0 dagger.
* * * LOW HITPOINT WARNING * * *
The kobold hits you but does no damage.
You hit the orc wizard.
The orc wizard is almost dead.
You barely miss the orc. You hit the kobold but do no damage.
The orc barely misses you. The orc wizard casts a spell at you.
The magic dart hits you.
* * * LOW HITPOINT WARNING * * *
The kobold barely misses you. x2; The orc hits you but does no damage.
The orc wizard barely misses you.
You barely miss the orc wizard.
The orc wizard is almost dead.
You closely miss the kobold. You completely miss the orc.
The orc hits you but does no damage. The orc wizard casts a spell at you.
The magic dart hits you.
You die...

..# ..# ...#
....#
#####(...#
#........#
#........#
####.@......#
#...ooK.....#
#.........###
#.........#
+.)).....$#
#.<.......#
#..(.......#
#........>.#
#...........


You could see an orc wizard, an orc and a kobold.

Vanquished Creatures
  An orc priest (D:2)
  3 dart slugs (D:1)
  An orc (D:2)
  2 ball pythons (D:1)
  3 endoplasms (D:1)
  A giant cockroach (D:1)
  3 goblins (D:1)
  A hobgoblin (D:1)
  2 quokkas (D:1)
  2 bats (D:1)
  2 kobolds (D:1)
  3 rats (D:1)
24 creatures vanquished.

Notes
Turn   | Place    | Note
-------+----------+-------------------------------------------
     0 | Abyss:1  | javelincjr the Demonspawn Abyssal Knight began the quest
                  | for the Orb.
     0 | Abyss:1  | Reached XP level 1. HP: 18/18 MP: 2/2
     2 | Abyss:1  | Found a corrupted altar of Lugonu.
     2 | Abyss:1  | Noticed a neqoxec
     2 | Abyss:1  | Noticed a dread lich
     3 | Abyss:1  | Noticed a large abomination
     6 | D:1      | Escaped the Abyss
    33 | D:1      | Reached skill level 1 in Dodging
   291 | D:1      | Gained mutation: You are partially covered in rugged brown
                  | scales. (AC +1, +3% HP) [demonic ancestry]
   291 | D:1      | Reached XP level 2. HP: 12/24 MP: 4/4
  1168 | D:1      | Gained mutation: Spells you cast may paralyse adjacent
                  | enemies. [demonic ancestry]
  1168 | D:1      | Reached XP level 3. HP: 20/29 MP: 5/5
  1355 | D:2      | HP: 1/29 [orc/+0 dagger (3)]
  1372 | D:2      | Killed from afar by an orc wizard

Illustrated notes

Levels and vault maps discovered:
D:1:      co_arrival_square_in_a_square_in_a_square, layout_rooms,
          minmay_misc_feat_chi, hex_intersection, serial_bayou_pond_d
D:2:      layout_basic, serial_co_window_serial, co_window_corner_a,
          co_window_corner_a, co_window_of_opportunity_a, co_window_corner_a,
          co_window_paths_a, co_window_corner_a, co_window_corner_b,
          co_window_2corner, co_window_corner_cb, co_window_unsneaky_path_e,
          co_window_of_opportunity_b, co_window_corner_b, co_window_paths_c,
          co_window_4corner_b, co_window_paths_e, glass_columns_c,
          glass_columns_a, glass_columns_c, glass_columns_c, glass_columns_c,
          ebering_ecumenical_altar_sacrificial

Skill      XL: |  1  2  3 |
---------------+----------+-----
Dodging        | 1 |  1.6
Axes           | 2 |  2.3
Armour         | 2 |  2.3
Invocations    | 3 |  3.2
Fighting       | |  3.4

Action                   || total
-------------------------++-------
Melee: Hand axe          ||    95
  Use: Potion            ||     1
Armor: Leather armour    ||    16
       Scale mail        ||    40
Dodge: Dodged            ||    83
